 Dungeon Sprint DCSS version 0.27.1-2-g3b301248ec (webtiles) character file.

Game seed: 10550054921517381408

0 boopmooplesden the Shield-Bearer (level 1, -2/19 HPs)
             Began as a Minotaur Fighter on Sept 22, 2021.
             Slain by a neqoxec (5 damage)
             ... in the Dungeon (Sprint II: "The Violet Keep of Menkaure").
             The game lasted 00:00:07 (12 turns).

boopmooplesden the Shield-Bearer (Minotaur Fighter)   Turns: 12, Time: 00:00:07

Health: -2/19      AC:  6    Str: 20      XL:     1   Next: 0%
Magic:  0/0        EV:  7    Int:  4 (5)  God:
Gold:   0          SH:  9    Dex:  9      Spells: 0/0 levels left

rFire    . . .     SeeInvis .   a - +0 war axe
rCold    . . .     Faith    .   c - +0 kite shield
rNeg     . . .     Spirit   .   b - +0 scale mail
rPois    .         Reflect  .   (helmet restricted)
rElec    .         Harm     .   (no cloak)
rCorr    .         Rampage  .   (no gloves)
Will     .....     NoTele   +   (no boots)
Stlth    ..........             (no amulet)
HPRegen  0.06/turn              (no ring)
MPRegen  0.07/turn              (no ring)

@: lethally poisoned (-2 -> -4)
A: horns 2, retaliatory headbutt
a: no special abilities


You were in the Dungeon.
You visited 1 branch

Inventory:

Hand Weapons
 a - a +0 war axe (weapon)
Armour
 b - a +0 scale mail (worn)
 c - a +0 kite shield (worn)
Scrolls
 j - a scroll of blinking
Potions
 d - a potion of might
 e - a potion of curing
 f - a potion of heal wounds
 g - a potion of haste
 h - 2 potions of magic
 i - a potion of berserk rage


   Skills:
 + Level 3.6 Fighting
 + Level 2.4 Axes
 + Level 3.6 Armour
 + Level 3.6 Shields


You couldn't memorise any spells.
You didn't know any spells.
Your spell library was empty.

Dungeon Overview and Level Annotations

Branches:
Dungeon (1/1)

Altars:


Innate Abilities, Weirdness & Mutations

You have a pair of horns on your head.
You reflexively headbutt those who attack you in melee.


Message History

The neqoxec shouts!
You hear a shout!
The neqoxec gestures at you.
You feel dopey. Something feeds on your intellect!
You close the door.
A neqoxec opens the door.
You open the door. 2 scorpions come into view.
Found 243 gold pieces.
The scorpion stings you but does no damage.
There is an open door here.
You slash the scorpion!
The scorpion is heavily wounded.
The scorpion stings you.
You are poisoned.
The scorpion poisons you! You block the scorpion's attack.
You block the neqoxec's attack.
You barely miss the scorpion. You headbutt the scorpion.
The scorpion is severely wounded.
You closely miss the neqoxec.
You feel very sick.
The scorpion stings you but does no damage.
The neqoxec hits you. You block the scorpion's attack.
You closely miss the scorpion. Your headbutt misses the scorpion.
The scorpion is severely wounded.
You barely miss the neqoxec.
* * * LOW HITPOINT WARNING * * *
You feel very sick. The neqoxec closely misses you.
You block the scorpion's attack.
The neqoxec hits you but does no damage.
You block the scorpion's attack.
Unknown command.
Unknown command.
Unknown command.
You hit the scorpion.
You kill the scorpion!
You hit the neqoxec.
* * * LOW HITPOINT WARNING * * *
You feel sick. The neqoxec hits you.
You die...

## ##
#. .#
.#. #s#
#@#
##3###
+.<.'#
##.##.#
#+# .#


B#B # .. .. ##. .## ## ## You could see a neqoxec and a scorpion.

Vanquished Creatures
  A scorpion (D)
1 creature vanquished.

Notes
Turn   | Place    | Note
-------+----------+-------------------------------------------
     0 | D        | boopmooplesden the Minotaur Fighter began the quest for the
                  | Orb.
     0 | D        | Reached XP level 1. HP: 19/19 MP: 0/0
     1 | D        | Noticed a boulder beetle
     1 | D        | Noticed a boulder beetle
     4 | D        | Noticed a neqoxec
     7 | D        | Noticed a scorpion
     7 | D        | Noticed a scorpion
    12 | D        | Killed a scorpion
    12 | D        | Slain by a neqoxec

Illustrated notes

Levels and vault maps discovered:
D:        the_violet_keep_of_menkaure [sprint2_stairs_cluster_1,
          sprint2_shoproom, sprint2_temple, sprint2_basic_supplies,
          sprint2_obstacle_2, sprint2_obstacle_7, sprint2_obstacle_1,
          sprint2_obstacle_3, sprint2_obstacle_6, sprint2_timed_cluster_1,
          sprint2_smallroom_cluster_1, sprint2_smallroom_final_cluster_1,
          sprint2_transparent_cluster_1, sprint2_second_timed_cluster_1,
          sprint2_sniper_area_1, sprint2_heavy_combat_area_1,
          sprint2_mutation_trap_area_1, sprint2_forest_area_1,
          sprint2_light_combat_area_1, sprint2_behind_water_1,
          sprint2_near_end_vault_1]

Action                   || total
-------------------------++-------
Melee: War axe           ||     4
       Headbutt          ||     1
Armor: Scale mail        ||     3
Dodge: Dodged            ||     1
Block: Kite shield       ||     5
